 Dungeon Crawl Stone Soup version 0.31.0-32-g396128a36d (webtiles) character file.

Game seed: 11933832746300352614

12360 adizb the Thaumaturge (level 11, -4/61 HPs)
             Began as a Deep Elf Ice Elementalist on Mar 18, 2024.
             Was an Elder of Dithmenos.
             Slain by a komodo dragon (23 damage)
             ... on level 11 of the Dungeon on Mar 19, 2024.
             The game lasted 01:56:27 (8955 turns).

adizb the Thaumaturge (Deep Elf Ice Elementalist)   Turns: 8955, Time: 01:56:51

Health: -4/61      AC: 23    Str:  5    XL:     11   Next: 61%
Magic:  19/28      EV: 16    Int: 28    God:    Dithmenos [****..]
Gold:   2346       SH:  0    Dex: 17    Spells: 8/32 levels left

rFire   . . .        h - +6 sling "Beastbane" {heavy, rPois Int+5}
rCold   . . .        (no shield)
rNeg    + + .        d - +2 robe {rN+}
rPois   +            a - +0 helmet
rElec   .            w - +2 cloak of Laly {rN+}
rCorr   .            n - +2 pair of gloves
SInv    .            D - +2 pair of boots
Will    ++...        (no amulet)
Stlth   ++++++       q - ring of flight
HPRegen 0.30/turn    o - ring of willpower
MPRegen 0.21/turn

%: no passive effects
@: ice-armoured, freezing walls, flying, wreathed by umbra
A: no striking features
a: Renounce Religion, Shadow Step


You were on level 11 of the Dungeon.
You worshipped Dithmenos.
Dithmenos was greatly pleased with you.
You visited 2 branches of the dungeon, and saw 12 of its levels.
You also visited: Bailey.

You collected 2346 gold pieces.

Inventory:

Hand Weapons
 h - the +6 sling "Beastbane" (weapon) {heavy, rPois Int+5}
   (You found it on level 2 of the Dungeon)

   Int+5:     It affects your intelligence (+5).
   rPois:     It protects you from poison
Missiles
 l - 5 curare-tipped darts
 t - a throwing net
Armour
 a - a +0 helmet (worn)
 d - a +2 robe of positive energy (worn)
 n - a +2 pair of gloves (worn)
 w - the +2 cloak of Laly (worn) {rN+}
   (You found it on level 6 of the Dungeon)

   rN+:       It protects you from negative energy.
 D - a +2 pair of boots (worn)
Magical Staves
 s - a staff of death
 u - a staff of alchemy
 x - a staff of air
Jewellery
 o - a ring of willpower (right hand)
 q - a ring of flight (left hand)
Wands
 j - a wand of roots (10)
 C - a wand of mindburst (5)
 F - a wand of charming (4)
Scrolls
 c - a scroll of vulnerability
 e - a scroll of blinking
 f - a scroll of fog
 g - 3 scrolls of teleportation
 i - 3 scrolls of revelation
 k - 2 scrolls of poison
 m - 2 scrolls of immolation
 v - 3 scrolls of enchant weapon
 y - a scroll of brand weapon
 E - a scroll of enchant armour
Potions
 b - a potion of magic
 p - 4 potions of curing
 r - 2 potions of might
 z - a potion of ambrosia
 A - a potion of cancellation
 B - a potion of enlightenment


   Skills:
 - Level 4.0 Fighting
 + Level 10.2 Ranged Weapons
 + Level 7.8 Dodging
 + Level 7.6 Stealth
 + Level 11.1 Spellcasting
 + Level 5.7 Conjurations
 + Level 1.0 Hexes
 - Level 2.0 Necromancy
 + Level 5.7 Translocations
 + Level 0.8 Fire Magic
 - Level 7.4 Ice Magic
 + Level 2.5 Earth Magic
 - Level 2.0 Alchemy
 - Level 5.0 Evocations


You had 8 spell levels left.
You knew the following spells:

 Your Spells              Type           Power      Damage    Failure   Level
a - Freeze                Ice            100%       1d10      1%          1
b - Frozen Ramparts       Ice            100%       1d16      1%          3
c - Ozocubu's Armour      Ice            55%        N/A       1%          3
d - Summon Ice Beast      Ice/Summ       36%        N/A       2%          3
e - Teleport Other        Tloc           48%        N/A       1%          3
f - Gell's Gravitas       Tloc           48%        N/A       1%          3
g - Brom's Barrelling Bo  Conj/Erth      38%        2d6       6%          4
h - Dimensional Bullseye  Hex/Tloc       17%        N/A       9%          4

Your spell library contained the following spells:

 Spells                   Type           Power      Damage    Failure   Level
 Lesser Beckoning         Tloc           96%        N/A       1%          2
 Volatile Blastmotes      Fire/Tloc      68%        2d15      2%          3
 Sigil of Binding         Hex            21%        N/A       7%          3
 Iskenderun's Battlesphe  Conj           47%        2d10      10%         5
 Call Canine Familiar     Summ           15%        N/A       11%         3
 Fireball                 Conj/Fire      17%        3d9       26%         5
 Alistair's Intoxication  Alch           17%        N/A       41%         5
 Dispersal                Tloc           24%        N/A       45%         6
 Conjure Ball Lightning   Conj/Air       15%        3x3d6     86%         6
 Orb of Destruction       Conj           23%        9d8       96%         7
 Ignition                 Fire           10%        3d5       100%        8


Dungeon Overview and Level Annotations

Branches:
Dungeon (11/15)            Temple (1/1) D:4          Bailey (visited)
   Lair: D:8-11         Orc: D:9-12

Altars:
Ashenzari
Cheibriados
Dithmenos
Elyvilon
Fedhas
Gozag
Hepliaklqana
Kikubaaqudgha
Makhleb
Nemelex Xobeh
Okawaru
Qazlal
Ru
Sif Muna
Trog
Uskayaw
Vehumet
Wu Jian
Xom
Yredelemnul
Zin
The Shining One


Message History

The sling bullet hits the boulder beetle!
You kill the boulder beetle!
Dithmenos accepts your kill.
Your Hexes skill increases to level 1!
You start resting.
Your icy armour starts to melt.
You start resting.
The frozen ramparts melt away.
You start resting.
Your icy armour evaporates.
You start resting.
A komodo dragon comes into view.
You shoot a sling bullet. The komodo dragon hisses angrily.
The sling bullet hits the komodo dragon.
The komodo dragon is lightly wounded.
You shoot a sling bullet.
The sling bullet hits the komodo dragon.
The komodo dragon is lightly wounded.
You shoot a sling bullet.
The sling bullet hits the komodo dragon!
The komodo dragon is moderately wounded.
You shoot a sling bullet.
The sling bullet hits the komodo dragon.
The komodo dragon is heavily wounded.
Casting: Frozen Ramparts (safe; 1% risk of failure)
Press: ? - help, Q - select action, (/) - cycle Dir - look around, f - activate This square is wreathed by an umbra.
The walls around you are covered in ice.
The wall freezes the komodo dragon.
The komodo dragon seems to slow down.
The komodo dragon bites you!
Aiming: Teleport Other (safe; 1% risk of failure)
Press: ? - help, Q - select action, (/) - cycle Shift-Dir - straight line, f - komodo dragon
Aim: a komodo dragon (heavily wounded, slow, umbra, chance to affect: 64%)
The komodo dragon looks slightly unstable.
Non-targeted cast: Ozocubu's Armour
Press: ? - help, Q - select action, (/) - cycle Dir - look around, f - activate A film of ice covers your body!
The wall freezes the komodo dragon!
The komodo dragon seems to slow down.
The komodo dragon bites you!!
You die...

..≈≈. ......
##########....########
..................... #.
#...................
....#...l......#..##....
#.....@#......#...#....
#....#....>.........##.
###. #..........#....#.
# #.........##.).###
##..#....####.## #
##.##..## #.# # #######
### #


You could see a komodo dragon (slow, teleporting).

Vanquished Creatures
  A boulder beetle (D:11)
  A two-headed ogre (D:9)
  2 orc high priests (Bailey)
  Lodul (D:10)
  An orc knight (Bailey)
  A komodo dragon (D:9)
  An unseen horror (D:10)
  The ghost of Consumeair16 the Chopper, an amateur FoFi (D:4)
  A troll (D:9)
  Sigmund (D:4)
  A shadow (D:10)
  6 yaks (D:5)
  A wyvern (D:9)
  A steam dragon (D:6)
  The ghost of seawaffle the Trooper, an amateur GrBe of Trog (D:4)
  2 acid dragons
  2 water moccasins (D:5)
  13 orc warriors
  3 sky beasts
  The ghost of RosemaryViolet the Chopper, an amateur MiBe of Dithmenos (D:4)
  2 black bears
  7 ogres
  The ghost of seawaffle the Trooper, an amateur DsBe of Trog (D:4)
  3 centaurs
  A kobold brigand (D:9)
  3 bullfrogs (D:6)
  2 gnoll sergeants
  2 scorpions
  34 killer bees
  3 electric eels (Bailey)
  A howler monkey (D:10)
  6 orc priests
  3 hounds
  2 gnoll boudas
  2 jellies
  A sleepcap (D:5)
  3 iguanas
  8 orc wizards
  20 gnolls
  4 adders
  2 shadow imps (D:5)
  A white imp (D:8)
  2 ufetubi (D:7)
  4 dart slugs
  5 ribbon worms
  52 orcs
  3 ball pythons
  4 bats
  2 endoplasms (D:2)
  4 giant cockroaches
  10 goblins
  16 hobgoblins
  2 jackals (D:5)
  A quokka (D:1)
  5 frilled lizards
  12 kobolds
  4 rats
279 creatures vanquished.

Vanquished Creatures (collateral kills)
  A hornet (D:7)
  2 killer bees (D:8)
  A bombardier beetle (D:4)
  2 orcs
6 creatures vanquished.

Vanquished Creatures (others)
  An orc wizard (D:4)
  A boulder (D:9)
2 creatures vanquished.

Grand Total: 287 creatures vanquished

Notes
Turn   | Place    | Note
-------+----------+-------------------------------------------
     0 | D:1      | adizb the Deep Elf Ice Elementalist began the quest for the
                  | Orb.
     0 | D:1      | Reached XP level 1. HP: 10/10 MP: 6/6
    23 | D:1      | Reached XP level 2. HP: 15/15 MP: 2/8
    68 | D:1      | Reached skill level 4 in Spellcasting
   849 | D:1      | Reached XP level 3. HP: 18/19 MP: 7/10
  1172 | D:2      | Learned a level 3 spell: Frozen Ramparts
  1176 | D:2      | Learned a level 3 spell: Ozocubu's Armour
  1285 | D:2      | Reached skill level 5 in Ice Magic
  1326 | D:2      | Identified the +6 sling "Beastbane" {heavy, rPois Int+5}
  1342 | D:2      | Reached skill level 5 in Spellcasting
  1513 | D:2      | Reached XP level 4. HP: 24/24 MP: 10/13
  2365 | D:3      | Reached skill level 6 in Spellcasting
  2365 | D:3      | Reached XP level 5. HP: 28/28 MP: 13/15
  2556 | D:4      | Noticed Sigmund
  2562 | D:4      | Killed Sigmund
  2563 | D:4      | Reached skill level 1 in Fighting
  2563 | D:4      | Reached XP level 6. HP: 29/34 MP: 12/17
  2603 | D:4      | Reached skill level 7 in Spellcasting
  2720 | D:4      | Found a staircase to the Ecumenical Temple.
  2768 | Temple   | Entered the Ecumenical Temple
  2994 | Temple   | Became a worshipper of Ru the Awakened
  3090 | D:4      | Reached XP level 7. HP: 25/39 MP: 17/20
  3234 | D:4      | Found a runed translucent gate.
  3234 | D:4      | Found a runed translucent gate.
  3234 | D:4      | Found a runed translucent gate.
  3235 | D:4      | Noticed Consumeair16's ghost (amateur FoFi)
  3236 | D:4      | Noticed seawaffle's ghost (amateur GrBe)
  3236 | D:4      | Noticed seawaffle's ghost (amateur DsBe)
  3236 | D:4      | Noticed RosemaryViolet's ghost (amateur MiBe)
  3553 | D:4      | Learned a level 3 spell: Summon Ice Beast
  3625 | D:5      | Entered Level 5 of the Dungeon
  3649 | D:5      | Reached skill level 8 in Spellcasting
  3649 | D:5      | Reached skill level 1 in Necromancy
  3649 | D:5      | Reached skill level 1 in Alchemy
  3649 | D:5      | Reached skill level 1 in Evocations
  3809 | D:5      | Found a shadowy altar of Dithmenos.
  3809 | D:5      | Found a blossoming altar of Fedhas.
  3967 | D:5      | Reached skill level 5 in Ranged Weapons
  3967 | D:5      | Reached XP level 8. HP: 45/45 MP: 17/22
  4183 | D:5      | Fell from the grace of Ru
  4183 | D:5      | Became a worshipper of Dithmenos the Shadowed
  4318 | D:5      | Found an opulent altar of Gozag.
  4384 | D:5      | Reached skill level 9 in Spellcasting
  4385 | D:5      | Reached XP level 9. HP: 38/51 MP: 16/24
  4800 | D:6      | Identified the +2 cloak of Laly {rN+}
  5190 | D:7      | Reached * piety under Dithmenos
  5192 | D:7      | Reached skill level 1 in Conjurations
  5192 | D:7      | Reached skill level 1 in Translocations
  5281 | D:7      | Learned a level 3 spell: Teleport Other
  5397 | D:7      | Identified the +3 scale mail "Ugozuupe" {rPois rF+ Str+3}
  5441 | D:7      | Reached skill level 5 in Stealth
  5694 | D:4      | Killed seawaffle's ghost
  5695 | D:4      | Killed RosemaryViolet's ghost
  5701 | D:4      | Killed Consumeair16's ghost
  5703 | D:4      | Killed seawaffle's ghost
  5841 | D:8      | Reached XP level 10. HP: 56/56 MP: 21/25
  5870 | D:8      | Reached ** piety under Dithmenos
  5897 | D:8      | Reached skill level 10 in Spellcasting
  6014 | D:8      | Learned a level 3 spell: Gell's Gravitas
  6034 | D:8      | Reached skill level 5 in Evocations
  6110 | D:8      | Found a flagged portal.
  6156 | Bailey   | Entered a bailey
  6225 | Bailey   | Noticed an orc high priest
  6257 | Bailey   | Reached *** piety under Dithmenos
  6268 | Bailey   | Reached skill level 5 in Dodging
  6277 | Bailey   | Noticed an orc high priest
  6282 | Bailey   | Killed an orc high priest
  6284 | Bailey   | Noticed a sixfirhy
  6293 | Bailey   | Killed an orc high priest
  6315 | Bailey   | Found an iron altar of Okawaru.
  6320 | Bailey   | Noticed an orc knight
  6382 | Bailey   | Killed an orc knight
  6492 | Bailey   | Acquired 1224 gold pieces
  6638 | Bailey   | Got Verchecedi's Precepts of Mutagenic Calefaction
  6890 | D:8      | Reached skill level 5 in Translocations
  6890 | D:8      | Reached XP level 11. HP: 52/61 MP: 23/27
  6892 | D:8      | Reached skill level 5 in Conjurations
  6897 | D:8      | Learned a level 4 spell: Brom's Barrelling Boulder
  7024 | D:8      | Reached **** piety under Dithmenos
  7334 | D:9      | Noticed a two-headed ogre
  7345 | D:9      | Killed a two-headed ogre
  7346 | D:9      | Reached skill level 1 in Earth Magic
  7603 | D:9      | Reached skill level 10 in Ranged Weapons
  8098 | D:9      | Found a stormy altar of Qazlal.
  8209 | D:10     | Entered Level 10 of the Dungeon
  8209 | D:10     | Noticed Lodul
  8227 | D:10     | Killed Lodul
  8228 | D:10     | Reached skill level 11 in Spellcasting
  8651 | D:10     | Learned a level 4 spell: Dimensional Bullseye
  8874 | D:11     | Noticed a boulder beetle
  8902 | D:11     | Killed a boulder beetle
  8903 | D:11     | Reached skill level 1 in Hexes
  8955 | D:11     | Slain by a komodo dragon

Illustrated notes

Levels and vault maps discovered:
D:1:      dpeg_arrival_boxes_within_box, layout_basic
D:2:      layout_rooms
D:3:      layout_loops_ring, minmay_misc_feat_tiny
D:4:      cheibrodos_pilgrimage, layout_basic, minmay_temple_entry_glass,
          gammafunk_ghost_cemetery, uniq_sigmund
D:5:      layout_basic, grunt_gozag_statues, nicolae_overflow_two_pavilions
D:6:      layout_gridville
D:7:      layout_rooms
D:8:      wad_woods_minihive, layout_rooms, serial_corexii_hall,
          chequers_hall_statues_wall_a, corexii_hall_statues_u,
          corexii_hall_statues_l, corexii_hall_statues_u, enter_bailey_2
D:9:      layout_basic, nicolae_qazlal_style_of_elements, dk_noncrumbling_2,
          kennysheep_generic_room_6
D:10:     layout_basic, serial_curves, eino_curves_04, eino_curves_04,
          eino_curves_03, eino_curves_02, uniq_lodul
D:11:     minmay_weird_star, layout_cave_pools, david_lair_generic,
          grunt_decor_junction
Temple:   dpeg_five_rooms_temple

Skill      XL: |  1  2  3  4  5  6  7  8  9 10 11 |
---------------+----------------------------------+-----
Spellcasting   | 4 5 6 7 8 9 10 11 | 11.1
Ice Magic      | 5 6 7 |  7.4
Fighting       | 1 2 3 4 |  4.0
Ranged Weapons | 2 3 5 7 8 9 10 | 10.2
Necromancy     | 2 |  2.0
Alchemy        | 1 2 |  2.0
Evocations     | 1 3 4 5 |  5.0
Stealth        | 5 6 7 |  7.6
Dodging        | 4 6 7 |  7.8
Conjurations   | 2 4 5 |  5.7
Translocations | 2 5 |  5.7
Earth Magic    | 2 |  2.5
Hexes          | 1 |  1.0
Fire Magic     | |  0.8

Action                     |  1- 3 |  4- 6 |  7- 9 | 10-12 || total
---------------------------+-------+-------+-------+-------++-------
  Melee: Dagger            |    12 |       |       |       ||    12
         Sling             |       |     3 |       |       ||     3
   Fire: Sling             |    11 |    45 |   177 |   249 ||   482
  Throw: Throwing net      |       |       |       |     1 ||     1
   Cast: Freeze            |    46 |     3 |     8 |     7 ||    64
         Frozen Ramparts   |     1 |    11 |    24 |    40 ||    76
         Ozocubu's Armour  |       |       |     5 |    11 ||    16
         Summon Ice Beast  |       |       |     2 |     5 ||     7
         Teleport Other    |       |       |       |     6 ||     6
         Gell's Gravitas   |       |       |       |     1 ||     1
         Brom's Barrelling |       |       |       |     1 ||     1
  Evoke: Wand              |       |       |       |     2 ||     2
    Use: Scroll            |     1 |     3 |    10 |     8 ||    22
         Potion            |       |       |     1 |     1 ||     2
   Stab: Sleeping          |     4 |       |       |       ||     4
 Armour: Robe              |    27 |    24 |    50 |   114 ||   215
  Dodge: Dodged            |    35 |    19 |    55 |   143 ||   252
